Map: 세룰리안 폴 - 래더

Players

INnoVation - Winner!

  • Race: Terran Terran
  • League: Grandmaster
  • Spawn Location: 1:00

Has

  • Race: Protoss Protoss
  • League: Master
  • Spawn Location: 7:00

Event: IEM Season 13 - Katowice Server Qualifiers America

VOD

Have the link to the VOD?

Description

Time

  • Played on: Jan. 6, 2019, 4:09 p.m.
  • Length: 10:32

All games in this series

Show
View Real Time Build Order
Export as new Build Order

INnoVation Terran - Winner!

Build Orders: Gas First Reaper Expand 

Get SALT Encoding   

  12  0:00  SCV  
  13  0:12  SCV  
  14  0:17  Supply Depot  
  14  0:25  SCV  
  15  0:28  Refinery  
  15  0:39  SCV  
  16  0:44  Barracks  
  16  0:51  SCV  
  17  1:03  SCV  
  18  1:15  SCV  
  19  1:31  Reaper, Orbital Command  
  20  1:44  Command Center  
  20  1:55  Factory  
  20  1:59  SCV  
  21  2:05  Barracks Reactor  
  21  2:11  SCV  
  22  2:15  Supply Depot  
  22  2:17  Refinery  
  22  2:23  SCV  
  23  2:37  SCV  
  23  2:42  Marine, Starport  
  23  2:43  Marine  
  26  2:49  Factory Tech Lab, SCV  
  27  2:56  Orbital Command  
  27  3:00  Marine x2  
  27  3:01  SCV  
  29  3:13  SCV  
  29  3:18  Marine x2  
  32  3:22  SCV  
  32  3:24  Raven  
  32  3:25  SCV  
  36  3:29  Factory Tech Lab  
  36  3:30  Supply Depot  
  36  3:35  SCV  
  36  3:36  Marine x2  
  36  3:38  SCV  
  40  3:47  SCV  
  41  3:50  SCV  
  41  3:51  Siege Tank  
  41  3:53  Supply Depot  
  41  3:54  Marine x2  
  47  3:59  SCV  
  47  4:02  SCV  
  49  4:12  SCV  
  49  4:14  SCV  
  49  4:16  Command Center  
  51  4:22  Marine, Stimpack  
  52  4:24  SCV  
  52  4:26  SCV  
  52  4:29  Barracks  
  54  4:33  Siege Tank  
  54  4:37  Supply Depot  
  54  4:38  SCV x2  
  59  4:40  Barracks  
  59  4:42  Marine  
  60  4:49  Refinery  
  60  4:50  SCV x2  
  60  4:51  Refinery  
  62  4:53  Engineering Bay  
  62  5:00  Marine  
  62  5:03  SCV x2  
  62  5:06  Supply Depot  
  65  5:15  SCV x2  
  65  5:18  Marine x2  
  65  5:19  Marine  
  65  5:21  Factory Reactor, Starport Reactor, Terran Infantry Weapons Level 1  
  70  5:26  Barracks  
  70  5:28  Barracks, Orbital Command  
  70  5:33  Combat Shield  
  70  5:39  Marine, Marauder x2  
  70  5:40  Marine  
  76  5:46  Supply Depot  
  76  5:47  SCV x2  
  78  5:56  Orbital Command  
  78  5:57  Marine  
  78  5:58  Marine  
  78  6:00  Marauder x2  
  78  6:02  Medivac x2  
  78  6:03  Widow Mine  
  78  6:04  Widow Mine  
  91  6:08  Supply Depot  
  91  6:12  Supply Depot  
  91  6:15  Barracks Tech Lab, Barracks Reactor  
  91  6:20  Marine x2  
  91  6:21  Marauder x2  
  91  6:24  Widow Mine  
  91  6:25  Widow Mine  
  100  6:28  Concussive Shells  
  100  6:33  Supply Depot  
  100  6:34  Medivac x2  
  100  6:35  Supply Depot  
  104  6:44  Marauder x3  
  108  6:48  Marine x2  
  108  6:50  Widow Mine  
  108  6:51  Widow Mine  
  114  6:58  Supply Depot  
  114  7:04  Marine x2  
  114  7:05  Marauder x3  
  114  7:06  Marine x2  
  124  7:12  Widow Mine x2  
  128  7:17  Terran Infantry Armor Level 1  
  128  7:18  Supply Depot  
  123  7:26  Medivac  
  123  7:27  Medivac  
  112  7:35  Marauder x3  
  118  7:38  Marine x4  
  106  7:44  Widow Mine  
  106  7:45  Widow Mine  
  106  7:47  SCV x2  
  106  7:48  Orbital Command  
  85  8:00  Marauder x3  
  85  8:02  Marine x4  
  94  8:06  Widow Mine x2  
  94  8:11  Medivac  
  94  8:12  Medivac  
  102  8:26  Marauder x3  
  108  8:27  Widow Mine x2  
  108  8:29  Marine x3  
  108  8:30  Marine  
  108  8:33  Liberator  
  115  8:42  Liberator  
  115  8:47  Marine x3, Marauder  
  115  8:48  Marine, Marauder x2  
  125  8:49  Widow Mine x2  
  125  8:54  Supply Depot  
  132  8:57  Supply Depot  
  129  9:10  Marauder x3  
  129  9:12  Marine x4  
  129  9:16  Widow Mine x2, SCV  
  129  9:17  SCV x2  
  136  9:28  Liberator  
  129  9:31  Marauder  
  129  9:32  Marine x4, Marauder x2, Liberator  
  129  9:33  SCV x3  
  129  9:37  Widow Mine x2  
  145  9:53  Marine x4  
  149  10:02  Widow Mine x2  
  149  10:05  Marauder x2  
  159  10:07  Marauder  
  155  10:14  Marine x4  
Show
View Real Time Build Order
Export as new Build Order

Has Protoss 

Build Orders: 1 Gate Expand, Blink Stalkers, Chargelot Immortal 

Get SALT Encoding   

  12  0:00  Probe  
  13  0:12  Probe  
  14  0:18  Pylon  
  14  0:24  Probe  
  15  0:32  Probe  
  15  0:37  Gateway  
  15  0:40  Probe  
  17  0:51  Probe  
  17  0:54  Assimilator  
  18  0:59  Probe  
  19  1:07  Probe  
  20  1:27  Nexus  
  20  1:33  Cybernetics Core  
  20  1:35  Probe  
  21  1:41  Assimilator  
  21  1:48  Probe  
  21  1:51  Pylon  
  22  1:59  Stalker  
  22  2:00  Probe  
  23  2:10  Warp Gate  
  23  2:13  Probe  
  26  2:25  Probe  
  26  2:29  Stalker  
  29  2:35  Twilight Council  
  29  2:37  Probe  
  29  2:38  Probe  
  29  2:42  Blink  
  31  2:46  Probe  
  31  2:49  Probe  
  33  2:54  Probe  
  34  3:00  Stalker  
  34  3:01  Probe  
  37  3:06  Probe  
  38  3:13  Probe  
  38  3:18  Probe  
  40  3:24  Pylon  
  40  3:25  Probe  
  41  3:28  Gateway  
  41  3:30  Gateway  
  41  3:32  Probe  
  42  3:37  Probe  
  43  3:43  Robotics Facility  
  43  3:46  Probe, Shield Battery  
  44  3:52  Probe  
  44  3:55  Pylon  
  45  3:59  Probe  
  46  4:11  Stalker  
  46  4:15  Pylon  
  48  4:17  Nexus  
  48  4:24  Sentry  
  48  4:25  Stalker  
  48  4:30  Observer  
  53  4:34  Forge  
  53  4:39  Probe  
  53  4:40  Stalker  
  53  4:44  Observer  
  56  4:47  Gateway  
  56  4:50  Gateway  
  57  4:59  Gateway, Protoss Ground Armor Level 1  
  57  5:01  Gateway  
  57  5:03  Probe x2, Warp Prism  
  61  5:17  Charge  
  61  5:18  Probe x2  
  61  5:21  Pylon  
  63  5:22  Pylon  
  63  5:27  Zealot  
  63  5:28  Zealot x2  
  69  5:32  Probe  
  69  5:33  Probe  
  69  5:34  Probe  
  72  5:38  Pylon  
  72  5:44  Immortal  
  72  5:49  Probe x2  
  78  5:53  Pylon  
  78  6:06  Probe  
  78  6:07  Probe x2  
  78  6:09  Pylon  
  80  6:14  Immortal  
  80  6:23  Zealot x4  
  80  6:24  Zealot x3  
  98  6:32  Pylon  
  97  6:48  Zealot  
  97  6:49  Zealot x6  
  111  6:54  Gateway  
  111  7:03  Nexus  
  111  7:06  Pylon  
  111  7:09  Zealot  
  111  7:10  Zealot x6  
  105  7:30  Immortal, Stalker  
  105  7:31  Zealot  
  105  7:32  Zealot x5  
  75  7:52  Zealot x5  
  75  7:53  Zealot x2, Protoss Ground Armor Level 2  
  77  8:03  Stalker  
  77  8:04  Observer, Stalker  
  81  8:07  Probe x3  
  85  8:16  Sentry x2, Zealot  
  85  8:17  Zealot x3  
  97  8:22  Gateway  
  97  8:25  Gateway  
  97  8:27  Zealot x2  
  97  8:29  Probe x3  
  97  8:31  Probe  
  105  8:43  Sentry  
  105  8:44  Sentry  
  105  8:46  Zealot  
  105  8:47  Zealot x3, Pylon  
  105  8:48  Zealot  
  119  8:50  Zealot  
  119  8:54  Probe x2  
  119  9:03  Immortal  
  113  9:14  Zealot  
  113  9:15  Zealot x7  
  111  9:29  Immortal  
  89  9:38  Stalker x2  
  77  9:39  Zealot  
  77  9:40  Zealot x7  
  91  10:00  Stalker x2  
  91  10:01  Zealot  
  91  10:02  Zealot x7  
  84  10:22  Zealot  
  84  10:23  Zealot x7  

Tags
 
Add a new tag
Caveats
  • Supply blocks, unpowered buildings, or Contaminate may cause inaccurate times.
  • Supply counts are checked every 10 seconds.